 Dungeon Crawl Stone Soup version 0.21-a0-369-g397cdb2 (webtiles) character file.

6645 kae the Carver (level 11, -14/87 HPs)
             Began as a Formicid Fighter on Oct 15, 2017.
             Was a Priest of Makhleb.
             Demolished by Sonja
             ... wielding a +1 dagger of distortion
              (22 damage)
             ... on level 10 of the Dungeon.
             The game lasted 00:11:37 (11029 turns).

kae the Carver (Formicid Fighter)                  Turns: 11029, Time: 00:11:37

Health: -14/87     AC:  9    Str: 24    XL:     11   Next: 22%
Magic:  15/15      EV: 10    Int:  8    God:    Makhleb [***...]
Gold:   600        SH: 12    Dex: 10    Spells: 10/10 levels left

rFire    . . .     SeeInvis +   a - +1 long sword
rCold    + . .     Gourm    +   c - +0 shield
rNeg     . . .     Faith    .   b - +0 scale mail
rPois    +         Spirit   .   (helmet unavailable)
rElec    .         Reflect  .   d - +0 cloak
rCorr    .         Harm     .   (no gloves)
MR       +....                  (no boots)
Stlth    ..........             m - amulet of the gourmand
HPRegen  0.24/turn              e - ring of poison resistance
MPRegen  0.14/turn              k - ring of protection from cold

@: no status effects
A: permanent stasis, dig shafts and tunnels, four strong arms, antennae 3
a: Dig, Shaft Self, Minor Destruction, Lesser Servant of Makhleb, Renounce
Religion


You were on level 10 of the Dungeon.
You worshipped Makhleb.
Makhleb was most pleased with you.
You were very full.

You visited 2 branches of the dungeon, and saw 11 of its levels.

You collected 600 gold pieces.

Inventory:

Hand Weapons
 a - a +1 long sword (weapon)
Armour
 b - a +0 scale mail (worn)
 c - a +0 shield (worn)
 d - a +0 cloak (worn)
Jewellery
 e - a ring of poison resistance (left hand)
 k - a ring of protection from cold (right hand)
 m - an amulet of the gourmand (around neck)
Wands
 n - a wand of polymorph (15/24)
Scrolls
 h - 3 scrolls of fog
 j - 2 scrolls of identify
 l - 7 scrolls of remove curse
 o - 2 scrolls of immolation
 t - a scroll of recharging
 w - 2 scrolls of enchant weapon
Potions
 p - 2 potions of heal wounds
 r - a potion of curing
 s - a potion of lignification
 v - a potion of cancellation
Books
 q - a book of Minor Magic

   Spells                             Type                      Level
   a - Magic Dart                     Conjuration                  1
   b - Blink                          Translocation                2
   c - Call Imp                       Summoning                    2
   d - Slow                           Hexes                        2
   e - Conjure Flame                  Conjuration/Fire             3
   f - Mephitic Cloud                 Conjuration/Poison/Air       3
 x - a book of Debilitation

   Spells                             Type                      Level
   a - Corona                         Hexes                        1
   b - Slow                           Hexes                        2
   c - Inner Flame                    Hexes/Fire                   3
   d - Portal Projectile              Hexes/Translocation          3
   e - Cause Fear                     Hexes                        4
   f - Leda's Liquefaction            Hexes/Earth                  4
Comestibles
 f - 4 bread rations
 g - 4 fruits
 i - a royal jelly
 u - 3 meat rations


   Skills:
 + Level 8.4 Fighting
 * Level 10.2 Long Blades
 + Level 8.4 Armour
 + Level 9.3 Shields
 + Level 5.3 Invocations


You had 10 spell levels left.
You didn't know any spells.

Dungeon Overview and Level Annotations

Branches:
Dungeon (10/15)            Temple (1/1) D:5
   Lair: D:8-11         Orc: D:9-12

Altars:
Ashenzari
Cheibriados
Dithmenos
Elyvilon
Fedhas
Gozag
Hepliaklqana
Kikubaaqudgha
Makhleb
Nemelex Xobeh
Okawaru
Qazlal
Ru
Sif Muna
Trog
Uskayaw
Vehumet
Wu Jian
Xom
Yredelemnul
Zin
The Shining One

Annotations:
D:4 wazuzu's ghost, amateur DsTm
D:10 Sonja


Innate Abilities, Weirdness & Mutations

You cannot be hasted, slowed, berserked, paralysed or teleported.
You can dig through walls and to a lower floor.
Your four strong arms can wield two-handed weapons with a shield.
You have a pair of large antennae on your head. (SInv)


Message History

You closely miss Sonja.
Sonja is lightly wounded.
You barely miss Sonja.
Sonja is lightly wounded.
Sonja unwields an uncursed enchanted blowgun.
Sonja wields an uncursed dagger of distortion.
Its appearance distorts for a moment.
You block Sonja's attack.
Sonja hits you with an uncursed dagger of distortion.
Space bends around you. Sonja hits you but does no damage.
Space bends around you.
You hit Sonja but do no damage.
Sonja is lightly wounded.
Sonja hits you but does no damage. Sonja barely misses you.
Sonja hits you but does no damage. Space bends around you.
Sonja hits you but does no damage. Space bends around you.
* * * LOW HITPOINT WARNING * * *
Sonja hits you but does no damage. Space warps horribly around you!
* * * LOW HITPOINT WARNING * * *
Sonja hits you but does no damage. Space warps horribly around you!
You die...

### #@## ##K#
###.###K#####
....KK.{{...#
.##..######K#
#. #.# #. #)#
.. #.#######
# #.......#


You could see Sonja.

Vanquished Creatures
  Gastronok (D:9)
  A two-headed ogre (D:9)
  Prince Ribbit (D:6)
  3 hippogriffs (D:9)
  An orc warrior (D:8)
  A hornet zombie (D:8)
  A black bear (D:9)
  5 ice beasts
  2 sky beasts
  2 phantoms
  5 ogres
  A necrophage (D:5)
  4 centaurs
  A big kobold (D:9)
  A bullfrog (D:7)
  A water moccasin zombie (D:6)
  3 scorpions
  2 howler monkeys (D:8)
  An electric eel (D:8)
  3 crimson imps
  2 hounds
  2 jellies
  A centaur skeleton (D:7)
  2 orc priests (D:6)
  Jessica (D:2)
  4 iguanas
  7 orc wizards
  Natasha (twice) (D:4)
  13 worker ants
  A worker ant zombie (D:6)
  8 adders
  18 gnolls
  A shadow imp (D:5)
  2 oozes
  An adder skeleton (D:4)
  4 worms
  5 leopard geckos
  22 orcs
  3 ball pythons
  7 bats
  5 giant cockroaches
  4 goblins
  2 hobgoblins
  5 jackals
  20 kobolds
  3 quokkas
  8 frilled lizards
  A quokka skeleton (D:5)
  9 rats
  A spectral orc (D:4)
204 creatures vanquished.

Notes
Turn   | Place    | Note
-------+----------+-------------------------------------------
     0 | D:1      | kae the Formicid Fighter began the quest for the Orb.
     0 | D:1      | Reached XP level 1. HP: 18/18 MP: 1/1
   107 | D:1      | Reached XP level 2. HP: 23/24 MP: 2/2
   340 | D:1      | Reached XP level 3. HP: 29/29 MP: 3/3
   902 | D:2      | Noticed Jessica
   924 | D:2      | Reached skill level 3 in Long Blades
   924 | D:2      | Reached XP level 4. HP: 31/37 MP: 4/4
   950 | D:2      | Found a faded altar of an unknown god.
   981 | D:2      | Killed Jessica
  1104 | D:2      | Found a glowing silver altar of Zin.
  1192 | D:2      | Reached XP level 5. HP: 37/42 MP: 5/5
  2032 | D:3      | Found an opulent altar of Gozag.
  2604 | D:4      | Reached XP level 6. HP: 23/48 MP: 6/6
  2767 | D:4      | Noticed wazuzu's ghost (amateur DsTm)
  3013 | D:4      | Noticed a phantom
  3092 | D:4      | Killed a phantom
  3092 | D:4      | Reached skill level 4 in Long Blades
  3268 | D:4      | Reached skill level 5 in Shields
  3280 | D:4      | Reached XP level 7. HP: 13/55 MP: 7/7
  3691 | D:4      | Noticed Natasha
  3703 | D:4      | Killed Natasha
  3858 | D:4      | Found a basalt altar of Yredelemnul.
  4033 | D:4      | Found an ancient bone altar of Kikubaaqudgha.
  4099 | D:4      | Noticed Natasha
  4119 | D:4      | Killed Natasha
  4228 | D:5      | Entered Level 5 of the Dungeon
  4281 | D:5      | Reached skill level 5 in Long Blades
  4302 | D:4      | You fall through a shaft for 3 floors!
  4678 | D:5      | Reached skill level 5 in Fighting
  4678 | D:5      | Reached skill level 5 in Armour
  4916 | D:5      | Reached XP level 8. HP: 11/62 MP: 8/8
  5471 | D:5      | Reached skill level 6 in Long Blades
  5812 | D:5      | Found a staircase to the Ecumenical Temple.
  5833 | Temple   | Entered the Ecumenical Temple
  5934 | Temple   | Became a worshipper of Makhleb the Destroyer
  6720 | D:6      | Noticed Prince Ribbit
  7132 | D:6      | Killed Prince Ribbit
  7132 | D:6      | Reached skill level 7 in Long Blades
  7132 | D:6      | Reached XP level 9. HP: 37/67 MP: 9/9
  7618 | D:6      | Reached * piety under Makhleb
  8200 | D:7      | Reached skill level 1 in Invocations
  8242 | D:7      | Reached skill level 8 in Long Blades
  8247 | D:7      | Found a bloodstained altar of Trog.
  8554 | D:7      | Reached XP level 10. HP: 77/77 MP: 11/11
  8749 | D:8      | Reached ** piety under Makhleb
  9723 | D:9      | Noticed Gastronok
  9739 | D:9      | Killed Gastronok
  9739 | D:9      | Reached skill level 9 in Long Blades
 10096 | D:9      | Found a glowing golden altar of the Shining One.
 10107 | D:9      | Reached XP level 11. HP: 86/86 MP: 14/14
 10352 | D:9      | Noticed a two-headed ogre
 10365 | D:9      | Killed a two-headed ogre
 10365 | D:9      | Reached skill level 10 in Long Blades
 10365 | D:9      | Reached skill level 5 in Invocations
 10661 | D:9      | Reached *** piety under Makhleb
 10971 | D:10     | Entered Level 10 of the Dungeon
 11010 | D:10     | Noticed Sonja
 11029 | D:10     | Demolished by Sonja

Vault maps used:
D:1:      minmay_arrival_four_houses, st_stairs_6
D:2:      zin_scriptorium, chequers_ecumenical_altar_simple_redux,
          minmay_heptomino_d4, uniq_jessica
D:3:      nicolae_gozag_cash_rules_everything_around_me, first_bread,
          kennysheep_boxes
D:4:      yredelemnul_forgotten_temple_becter, nicolae_overflow_hidden_temple,
          uniq_natasha
D:5:      minmay_temple_entry_statues_pillars
D:6:      uniq_prince_ribbit1
D:7:      kennysheep_little_box, kennysheep_generic_room_3
D:9:      tso_metal_star, uniq_gastronok
D:10:     uniq_erolcha, uniq_sonja
Temple:   lightli_temple_of_artemis

Skill      XL: |  1  2  3  4  5  6  7  8  9 10 11 |
---------------+----------------------------------+-----
Shields        | 4 5 6 7 8 9 |  9.3
Long Blades    | 3 4 5 7 8 9 10 | 10.2
Fighting       | 4 5 6 7 8 |  8.4
Armour         | 4 5 6 7 8 |  8.4
Invocations    | 2 4 5 |  5.3

Action                   |  1- 3 |  4- 6 |  7- 9 | 10-12 || total
-------------------------+-------+-------+-------+-------++-------
Melee: Long sword        |    61 |   189 |   502 |   293 ||  1045
Invok: Minor Destruction |       |       |       |     1 ||     1
 Abil: Shaft Self        |       |       |     1 |       ||     1
       Dig               |       |       |     4 |     2 ||     6
  Use: Potion            |     1 |     4 |     1 |     2 ||     8
       Scroll            |     1 |       |    13 |     2 ||    16
  Eat: Chunk             |       |     6 |    25 |     8 ||    39
       Bread ration      |       |       |     1 |       ||     1
Armor: Scale mail        |    32 |    57 |   136 |    88 ||   313
Dodge: Dodged            |    26 |    62 |   138 |    65 ||   291
Block: Shield            |    32 |    64 |   214 |   141 ||   451
       Rpst.: Long sword |     7 |    26 |    42 |    17 ||    92

Table legend:
 A = Spawn XP
 B = Non-spawn XP
 C = Spawn XP percentage of total XP
 D = Spawn monster count
 E = Non-spawn monster count
 F = Spawn count percentage of total count
 G = Total turns spent on level
                    A         B        C        D         E        F      G
               +---------+---------+-------+---------+---------+-------+---------
         Total |       0 |    9493 |   0.0 |       0 |     204 |   0.0 | 11029
               +---------+---------+-------+---------+---------+-------+---------
           D:1 |       0 |      37 |   0.0 |       0 |      24 |   0.0 |   890
           D:2 |       0 |     110 |   0.0 |       0 |      17 |   0.0 |   686
           D:3 |       0 |      44 |   0.0 |       0 |      19 |   0.0 |   941
           D:4 |       0 |     484 |   0.0 |       0 |      18 |   0.0 |  1716
           D:5 |       0 |     786 |   0.0 |       0 |      25 |   0.0 |  1730
           D:6 |       0 |    1438 |   0.0 |       0 |      32 |   0.0 |  2022
           D:7 |       0 |    1111 |   0.0 |       0 |      18 |   0.0 |   598
           D:8 |       0 |     583 |   0.0 |       0 |      15 |   0.0 |  1021
           D:9 |       0 |    4767 |   0.0 |       0 |      31 |   0.0 |  1248
          D:10 |       0 |     133 |   0.0 |       0 |       5 |   0.0 |    58
               +---------+---------+-------+---------+---------+-------+---------
